 Dungeon Crawl Stone Soup version 0.28.0 (webtiles) character file.

Game seed: 10055290837810056211

450 jfcaron the Summoner (level 7, -1/46 HPs)
             Began as a Barachi Summoner on Feb 6, 2022.
             Was an Initiate of Ashenzari.
             Slain by an ogre (7 damage)
             ... on level 5 of the Dungeon.
             The game lasted 00:14:13 (5438 turns).

jfcaron the Summoner (Barachi Summoner)             Turns: 5438, Time: 00:14:14

Health: -1/46      AC:  6    Str:  9    XL:     7   Next: 4%
Magic:  0/14       EV: 11    Int: 17    God:    Ashenzari [......]
Gold:   107        SH:  0    Dex: 13    Spells: 6/15 levels left

rFire   . . .      SeeInvis +   o - +0 spear of the Oracular Yoke {Range, Evo} (curse)
rCold   + . .      Faith    .   (no shield)
rNeg    + . .      Spirit   +   m - +2 leather armour of the Grand Turtledove {Rampage}
rPois   .          Reflect  .   (no helmet)
rElec   .          Harm     .   (no cloak)
rCorr   .          Rampage  +   c - +0 pair of gloves
Will    .....                   (no boots)
Stlth   ++........              n - amulet "Misorepn" {Spirit Fly rN+ Slay+5 SInv}
HPRegen 0.15/turn               b - ring of protection from cold
MPRegen 0.14/turn               (no ring)

@: flying, slow
A: amphibious, slowness 1, strong legs 1, +LOS
a: Hop, Renounce Religion, Shatter the Chains


You were on level 5 of the Dungeon.
You worshipped Ashenzari.
Ashenzari was noncommittal.
You visited 1 branch of the dungeon, and saw 5 of its levels.

You collected 226 gold pieces.
You spent 119 gold pieces at shops.

Inventory:

Hand Weapons
 o - the cursed +0 spear of the Oracular Yoke (weapon) {Range, Evo}
   (You took it off an orc wizard on level 4 of the Dungeon)

   It has a curse which improves the following skills: Ranged Combat: Slings,
   Bows, Crossbows and Throwing.
   Evocations: Evocations.
Missiles
 f - 3 poisoned darts
 g - 2 boomerangs
 q - 155 stones
 s - 22 sling bullets
Armour
 a - a +1 robe
 c - a +0 pair of gloves (worn)
 m - the +2 leather armour of the Grand Turtledove (worn) {Rampage}
   (You found it on level 2 of the Dungeon)

   Rampage:   It bestows one free step when moving towards enemies.
 t - a scarf of harm
Magical Staves
 j - a staff of earth
 r - a staff of death
Jewellery
 b - a ring of protection from cold (left hand)
 n - the amulet "Misorepn" (around neck) {Spirit Fly rN+ Slay+5 SInv}
   (You found it on level 4 of the Dungeon)

   [amulet of guardian spirit]

   It causes incoming damage to be divided between your reserves of health and
   magic.
   Slay:      It affects your accuracy & damage with ranged weapons and melee
   (+5).
   rN:        It protects you from negative energy.
   SInv:      It lets you see invisible.
   Fly:       It grants you flight.
Scrolls
 k - 2 scrolls of teleportation
 l - 2 scrolls of vulnerability
 v - 2 scrolls of magic mapping
 x - a scroll of fear
 y - a scroll of fog
Potions
 d - a potion of magic {unknown}
 e - 2 potions of flight {unknown}
 h - 2 potions of lignification {unknown}
 i - a potion of heal wounds {unknown}
 p - 2 potions of mutation
 u - a potion of brilliance {unknown}
 w - a potion of attraction {unknown}


   Skills:
 - Level 2.3 Dodging
 - Level 1.9 Stealth
 + Level 4.7 Spellcasting
 * Level 8.2 Summonings


You had 6 spell levels left.
You knew the following spells:

 Your Spells              Type           Power      Damage    Failure   Level
a - Summon Small Mammal   Summ           100%       N/A       1%          1
b - Call Imp              Summ           32%        N/A       1%          2
c - Call Canine Familiar  Summ           32%        N/A       1%          3
d - Summon Guardian Gole  Hex/Summ       18%        N/A       12%         3

Your spell library contained the following spells:

 Spells                   Type           Power      Damage    Failure   Level
 Scorch                   Fire           8%         2d5       30%         2
 Summon Lightning Spire   Summ/Air       18%        N/A       36%         4
 Ozocubu's Armour         Ice            4%         N/A       52%         3
 Summon Cactus Giant      Summ           16%        N/A       71%         6
 Flame Wave               Conj/Fire      4%         2d5       90%         4
 Ozocubu's Refrigeration  Ice            2%         4d5       100%        7


Dungeon Overview and Level Annotations

Branches:
Dungeon (5/15)
 Temple: D:4-7

Altars:
Ashenzari
Uskayaw
Yredelemnul

Shops:
D:1 =   D:4 ?


Innate Abilities, Weirdness & Mutations

You are amphibious.
You cover ground slowly.
You can hop short distances.
You have an extended range of vision and can be seen from far away.


Message History

The ogre barely misses you.
Your iron imp hits the ogre.
You hit the ogre.
The ogre is heavily wounded.
The ogre hits you with a +0 giant club!!
Your iron imp hits the ogre!
You hit the ogre.
You kill the ogre!
Your magical contamination has completely faded away.
Your Summonings skill increases to level 8!
You have reached level 7!
Casting: Summon Guardian Golem (dangerous; 12% risk of failure)
Confirm with . or Enter, or press ? or * to list all spells.
You don't have enough magic to cast this spell.
What are your orders? t - Croak!
Orders for allies: a - Attack new target. r - Retreat! s - Stop attacking. g - Guard the area. f - Follow me.
Anything else - Cancel.
Gang up on whom?
Press: ? - help, Dir - move target, f - wight
Aim: a wight, wielding a +0 long sword and wearing a +0 robe Attack!
The wight hits your iron imp but does no damage.
Your iron imp misses the wight.
The wight barely misses your iron imp.
You reach to attack!
You puncture the ogre!
The ogre is moderately wounded.
Your iron imp misses the wight.
The wight hits your iron imp with a +0 long sword!
The wight closely misses your iron imp.
The wight hits your iron imp with a +0 long sword.
Your iron imp hits the wight.
The ogre hits you with a +0 giant club!!
Ouch! That really hurt!
* * * LOW HITPOINT WARNING * * *
Your iron imp disappears in a puff of smoke!
Okay, then.
The ogre misses you. The ogre hits you with a +0 giant club!
You die...

### ... #..
#.# #.# #.#
#.# #@# #O#
#z# # #.# .#
#.#####.#####
#.9.........#
#...<.#.###.#
#...9..# ....
#....z###.#.#


You could see an ogre (ally target), a wight and a friendly guardian golem
(summoned).

Vanquished Creatures
  An ogre (D:5)
  A hound (D:4)
  An orc priest (D:4)
  Natasha (D:4)
  An iguana (D:2)
  An orc wizard (D:4)
  2 hound skeletons (D:4)
  A gnoll (D:2)
  10 adders
  A worm (D:2)
  6 dart slugs
  10 orcs
  6 ball pythons
  9 bats
  6 endoplasms
  4 giant cockroaches
  3 hobgoblins
  3 jackals (D:1)
  8 kobolds
  4 quokkas
  5 frilled lizards
  8 goblins
  5 rats
97 creatures vanquished.

Notes
Turn   | Place    | Note
-------+----------+-------------------------------------------
     0 | D:1      | jfcaron the Barachi Summoner began the quest for the Orb.
     0 | D:1      | Reached XP level 1. HP: 13/13 MP: 3/3
    76 | D:1      | HP: 2/13 [jackal (1)]
   370 | D:1      | Found a faded altar of an unknown god.
   371 | D:1      | You fall into a shaft and drop 1 floor!
   403 | D:1      | Prayed at the altar of an unknown god.
   403 | D:1      | Became a worshipper of Ashenzari the Shackled
   421 | D:1      | Reached skill level 5 in Summonings
   421 | D:1      | Reached XP level 2. HP: 19/19 MP: 1/5
   424 | D:1      | Learned a level 2 spell: Call Imp
   680 | D:1      | Found Viorel's Jewellery Shoppe.
  1223 | D:2      | Reached XP level 3. HP: 15/24 MP: 2/7
  1434 | D:2      | Learned a level 3 spell: Call Canine Familiar
  1617 | D:2      | Reached XP level 4. HP: 8/30 MP: 4/8
  2351 | D:2      | Identified the +2 leather armour of the Grand Turtledove
                  | {Rampage}
  2479 | D:2      | Reached skill level 6 in Summonings
  2527 | D:2      | Reached XP level 5. HP: 34/35 MP: 2/10
  3926 | D:4      | Identified the amulet "Misorepn" {Spirit Fly rN+ Slay+5
                  | SInv}
  4230 | D:4      | Reached skill level 7 in Summonings
  4230 | D:4      | Reached XP level 6. HP: 37/41 MP: 4/12
  4424 | D:4      | Found a hide-covered altar of Uskayaw.
  4430 | D:4      | Learned a level 3 spell: Summon Guardian Golem
  4635 | D:4      | Found a basalt altar of Yredelemnul.
  5068 | D:4      | Noticed Natasha
  5077 | D:4      | Killed Natasha
  5171 | D:4      | Found Rosur's Magic Scroll Shop.
  5174 | D:4      | Bought a scroll of fear for 49 gold pieces
  5174 | D:4      | Bought a scroll of fog for 28 gold pieces
  5174 | D:4      | Bought a scroll of teleportation for 42 gold pieces
  5346 | D:5      | Entered Level 5 of the Dungeon
  5418 | D:5      | Reached skill level 8 in Summonings
  5418 | D:5      | Reached XP level 7. HP: 27/46 MP: 1/14
  5426 | D:5      | HP: 4/46 [ogre (24)]
  5438 | D:5      | Slain by an ogre

Illustrated notes

Levels and vault maps discovered:
D:1:      dpeg_arrival_chambers_temple_mockup, layout_loops_ring,
          basic_ecumenical_altar, serial_shops, shop
D:2:      layout_loops_ring, hangedman_decor_push, minmay_door_square,
          minmay_joined_circles
D:3:      layout_rooms, roderic_lattice_a, chequers_serial_rivers_micro_c
D:4:      layout_loops_ring, eat_drink_and_be_merry_uskayaw,
          mainiacjoe_overflow_six_doors_small, serial_shops, kennysheep_mini,
          grunt_ministairs_12, uniq_natasha
D:5:      layout_loops_ring, hangedman_ru_absence, kennysheep_little_box,
          elyvilon_altar_1, minmay_lizard_king

Skill      XL: |  1  2  3  4  5  6 |
---------------+-------------------+-----
Summonings     | 5 6 7 8 |  8.2
Spellcasting   | 3 4 |  4.7
Dodging        | |  2.3
Stealth        | |  1.9

Action                   |  1- 3 |  4- 6 |  7- 9 || total
-------------------------+-------+-------+-------++-------
Melee: Unarmed           |    14 |       |       ||    14
       Quarterstaff      |    10 |    84 |       ||    94
       Spear             |       |    39 |     1 ||    40
 Cast: Summon Small Mamm |    17 |     9 |       ||    26
       Call Imp          |     3 |    19 |       ||    22
       Call Canine Famil |       |    22 |       ||    22
       Summon Guardian G |       |     1 |       ||     1
Invok: Curse Item        |       |     1 |       ||     1
  Use: Scroll            |       |     9 |       ||     9
 Stab: Sleeping          |     1 |     2 |       ||     3
Armor: Robe              |     4 |       |       ||     4
       Leather armour    |       |    46 |       ||    46
Dodge: Dodged            |    29 |   107 |     1 ||   137
